 Dungeon Crawl Stone Soup version 0.24.0-13-gcf9b3192b9 (webtiles) character file.

Game seed: 1814563339931138446, levelgen mode: deterministic

112 Delamore the Chopper (level 4, -1/39 HPs)
             Began as a Hill Orc Monk on Nov 5, 2019.
             Slain by Grinder (6 damage)
             ... while paralysed by Grinder
             ... on level 3 of the Dungeon.
             The game lasted 00:02:47 (2043 turns).

Delamore the Chopper (Hill Orc Monk)                Turns: 2043, Time: 00:02:48

Health: -1/39      AC:  7    Str: 14    XL:     4   Next: 95%
Magic:  4/4        EV:  2    Int: 10    God:
Gold:   78         SH:  0    Dex: 13    Spells: 3/3 levels left

rFire    . . .     SeeInvis .   a - +0 hand axe
rCold    . . .     Gourm    +   (no shield)
rNeg     . . .     Faith    .   g - +0 ring mail
rPois    .         Spirit   .   (no helmet)
rElec    .         Reflect  .   l - +0 cloak
rCorr    .         Harm     .   n - +0 pair of gloves
MR       .....                  (no boots)
Stlth    +.........             h - amulet of the gourmand
HPRegen  0.13/turn              (no ring)
MPRegen  0.09/turn              (no ring)

@: paralysed
A: no striking features
a: no special abilities


You were on level 3 of the Dungeon.
You were completely stuffed.

You visited 1 branch of the dungeon, and saw 3 of its levels.

You collected 78 gold pieces.

Inventory:

Hand Weapons
 a - a +0 hand axe (weapon)
Armour
 g - a +0 ring mail (worn)
 l - a +0 cloak (worn)
 n - a +0 pair of gloves (worn)
Jewellery
 h - an amulet of the gourmand (around neck)
Scrolls
 d - a scroll of noise {unknown}
 e - a scroll of fog {unknown}
 f - 3 scrolls of remove curse {unknown}
 i - a scroll of identify {unknown}
 j - a scroll of enchant weapon {unknown}
 m - a scroll of amnesia {unknown}
Potions
 b - 3 potions of curing {unknown}
 k - 2 potions of might {unknown}
 o - 2 potions of brilliance {unknown}
 p - a potion of haste {unknown}
 q - a potion of heal wounds {unknown}
Comestibles
 c - 6 rations


   Skills:
 - Level 3.6 Fighting
 + Level 7.2 Axes
 - Level 2.4 Dodging
 - Level 1.5 Stealth


You had 3 spell levels left.
You didn't know any spells.
Your spell library was empty.

Dungeon Overview and Level Annotations

Branches:
Dungeon (3/15)

Altars:
Kikubaaqudgha
The Shining One

Annotations:
D:3 Grinder


Message History

No target in view!
c - 6 rations (gained 1) Grinder is too close now for your liking.
You hit Grinder.
Grinder is lightly wounded.
Grinder hits you!
You writhe in agony.
You closely miss Grinder.
Grinder is lightly wounded.
Grinder closely misses you.
You hit Grinder.
Grinder is lightly wounded.
Grinder gestures at you.
You suddenly lose the ability to move!
Grinder hits you!
You writhe in agony.
Grinder hits you!
* * * LOW HITPOINT WARNING * * *
You writhe in agony.
* * * LOW HITPOINT WARNING * * *
Grinder hits you.
You die...

#.#
#.#
8.8
#.#
##.##
.(.
#5#
##@##
#8.8#
##.##
##.##
#8.8#
##.##
##.##
###
#8.8#
...
##.##
..


You could see Grinder.

Vanquished Creatures
  Terence (D:2)
  2 adders (D:2)
  A worm (D:2)
  A dart slug (D:1)
  A leopard gecko (D:1)
  8 giant cockroaches
  10 goblins
  5 hobgoblins
  4 jackals (D:1)
  6 kobolds
  2 ball pythons
  8 bats
  A frilled lizard (D:1)
  7 rats
57 creatures vanquished.

Notes
Turn   | Place    | Note
-------+----------+-------------------------------------------
     0 | D:1      | Delamore the Hill Orc Monk began the quest for the Orb.
     0 | D:1      | Reached XP level 1. HP: 19/19 MP: 1/1
   135 | D:1      | Reached XP level 2. HP: 15/26 MP: 2/2
   314 | D:1      | Reached skill level 5 in Axes
   552 | D:1      | Reached XP level 3. HP: 17/31 MP: 3/3
  1112 | D:2      | Reached skill level 6 in Axes
  1114 | D:2      | Found a glowing golden altar of the Shining One.
  1115 | D:2      | Found an ancient bone altar of Kikubaaqudgha.
  1332 | D:2      | Reached XP level 4. HP: 24/39 MP: 4/4
  1721 | D:2      | Noticed Terence
  1738 | D:2      | Killed Terence
  1738 | D:2      | Reached skill level 7 in Axes
  2028 | D:3      | Noticed Grinder
  2040 | D:3      | Paralysed by Grinder for 3 turns
  2043 | D:3      | Slain by Grinder

Levels and vault maps discovered:
D:1:      dpeg_arrival_yet_another_circle, layout_basic
D:2:      layout_loops_ring, grunt_temple_overflow_open, first_ration,
          uniq_terence
D:3:      layout_rooms, zin_treasury, dk_noncrumbling_2, glass_columns_c,
          uniq_grinder

Skill      XL: |  1  2  3  4 |
---------------+-------------+-----
Axes           | 5 6 7 |  7.2
Fighting       | |  3.6
Dodging        | |  2.4
Stealth        | |  1.5

Action                   |  1- 3 |  4- 6 || total
-------------------------+-------+-------++-------
Melee: Hand axe          |   158 |    47 ||   205
  Eat: Chunk             |    12 |     2 ||    14
Armor: Robe              |    17 |       ||    17
       Ring mail         |    48 |    16 ||    64
Dodge: Dodged            |   130 |    23 ||   153
